 Dungeon Crawl Stone Soup version 0.29.0 (webtiles) character file.

Game seed: 2808632219199322644

6 Kosidy the Vexing (level 1, 0/7 HPs)
             Began as a Felid Enchanter on Sept 6, 2022.
             Slain by a bat (1 damage)
             ... on level 1 of the Dungeon.
             The game lasted 00:01:21 (274 turns).

Kosidy the Vexing (Felid Enchanter)                  Turns: 274, Time: 00:01:22

Health: 0/7        AC:  1    Str:  4    XL:     1   Next: 75%
Magic:  4/4        EV: 17    Int: 16    God:
Gold:   10         SH:  0    Dex: 16    Spells: 4/4 levels left
                                        Lives:  0   Deaths: 0

rFire   . . .      SeeInvis +     - Unarmed
rCold   . . .      Faith    .   (shield unavailable)
rNeg    . . .      Spirit   .   (body armour unavailable)
rPois   .          Reflect  .   (helmet unavailable)
rElec   .          Harm     .   (cloak unavailable)
rCorr   .          Rampage  .   (gloves unavailable)
Will    .....                   (boots unavailable)
Stlth   +++.......              (no amulet)
HPRegen 0.02/turn               (no ring)
MPRegen 0.09/turn               (no ring)

@: quick
A: very small, claws 1, fangs 3, see invisible, speed 1, shaggy fur 1, stealthy
paws, no weapons or thrown items, no armour, multi-lived
a: no special abilities


You were on level 1 of the Dungeon.
You visited 1 branch of the dungeon, and saw 1 of its levels.

You collected 10 gold pieces.

Inventory:

Scrolls
 c - a scroll of butterflies {unknown}
Potions
 a - 2 potions of invisibility
 b - a potion of mutation {unknown}


   Skills:
 + Level 2.7 Dodging
 + Level 4.1 Stealth
 + Level 1.0 Unarmed Combat
 + Level 2.0 Spellcasting
 + Level 4.8 Hexes


You had 4 spell levels left.
You didn't know any spells.
Your spell library contained the following spells:

 Spells                   Type           Power      Damage    Failure   Level
 Confusing Touch          Hex            17%        N/A       9%          3
 Tukima's Dance           Hex            17%        N/A       9%          3
 Ensorcelled Hibernation  Hex/Ice        18%        N/A       12%         2
 Dazzling Flash           Conj/Hex       18%        N/A       22%         3


Dungeon Overview and Level Annotations

Branches:
Dungeon (1/15)

Altars:


Innate Abilities, Weirdness & Mutations

You have sharp claws.
You have razor-sharp teeth.
You have supernaturally acute eyesight. (SInv)
You cover ground quickly. (Speed+)
You are covered in fur. (AC +1)
Your paws help you pounce on unaware monsters.
You are incapable of wielding weapons or throwing items.
You cannot wear armour.
You gain extra lives every three experience levels.


Message History

Unknown command.
There are monsters nearby!
There are monsters nearby!
There are monsters nearby!
Unknown command.
There are monsters nearby!
You barely miss the hobgoblin. The hobgoblin completely misses you.
You closely miss the hobgoblin. The hobgoblin barely misses you.
You scratch the hobgoblin.
The hobgoblin is almost dead.
The hobgoblin barely misses you.
You scratch the hobgoblin but do no damage.
The hobgoblin is almost dead.
The hobgoblin barely misses you.
You scratch the hobgoblin.
You kill the hobgoblin!
The kobold closely misses you.
You see here a hobgoblin corpse.
You scratch the kobold but do no damage.
The kobold hits you with a +0 dagger.
* * * LOW HITPOINT WARNING * * *
You scratch the kobold but do no damage.
The kobold completely misses you.
You scratch the kobold but do no damage.
The kobold closely misses you.
Unknown command.
You scratch the kobold but do no damage.
The kobold barely misses you.
You barely miss the kobold. The kobold hits you with a +0 dagger.
* * * LOW HITPOINT WARNING * * *
Found 12 gold pieces.
Found a stone staircase leading down.
A rat, a hobgoblin and a giant cockroach come into view.
Found a scroll labelled YWKOCH HIHOLURE.
The hobgoblin shouts!
A bat comes into view.
Found 2 potions of invisibility.
You see here 12 gold pieces.
The bat closely misses you. The bat attacks as you move away! The bat hits you.
You die...

######### #..!....#
#.....?.# #rB.....## #
##..........w..... ...
........# #.....#
.....###.......###.....#
#...@b.>.....##.....#
#####.$##.##.........
#.###. ......# ####.#
#.## #.....# ##....#
#..####...... #..####
#......#.... ###K##
##..#..##.#.# #.r.#
#..##.###.... #.###
####..##.#...#


You could see a giant cockroach (wandering), a bat and a rat.

Vanquished Creatures
  2 ball pythons (D:1)
  A bat (D:1)
  An endoplasm (D:1)
  A hobgoblin (D:1)
5 creatures vanquished.

Vanquished Creatures (others)
  4 toadstools (D:1)
4 creatures vanquished.

Grand Total: 9 creatures vanquished

Notes
Turn   | Place    | Note
-------+----------+-------------------------------------------
     0 | D:1      | Kosidy the Felid Enchanter began the quest for the Orb.
     0 | D:1      | Reached XP level 1. HP: 7/7 MP: 4/4
   274 | D:1      | Slain by a bat

Illustrated notes

Levels and vault maps discovered:
D:1:      ldierk_walled_garden_2, layout_rooms

Action                   || total
-------------------------++-------
Melee: Unarmed           ||    22
       Bite              ||     1
Armor: Skin              ||     4
Dodge: Dodged            ||    24
